 Dungeon Crawl Stone Soup version 0.29.0-15-g675c0067aa (webtiles) character file.

Game seed: 2318950793733586488

63 qw the Chopper (level 3, 0/31 HPs)
             Began as a Minotaur Berserker on Sept 12, 2022.
             Was a Believer of Trog.
             Slain by an adder (4 damage)
             ... on level 2 of the Dungeon.
             The game lasted 00:00:27 (1195 turns).

qw the Chopper (Minotaur Berserker)                 Turns: 1195, Time: 00:00:28

Health: 0/31       AC:  2    Str: 23    XL:     3   Next: 87%
Magic:  2/2        EV: 12    Int:  4    God:    Trog [**....]
Gold:   57         SH:  0    Dex:  9    Spells: 2/2 levels left

rFire   . . .      SeeInvis .   Y - +0 hand axe
rCold   . . .      Faith    .   (no shield)
rNeg    . . .      Spirit   .   b - +0 animal skin
rPois   .          Reflect  .   (helmet restricted)
rElec   .          Harm     .   (no cloak)
rCorr   .          Rampage  .   (no gloves)
Will    .....                   (no boots)
Stlth   +.........              (no amulet)
HPRegen 0.10/turn               (no ring)
MPRegen 0.08/turn               (no ring)

@: lethally poisoned (0 -> -5), on berserk cooldown, slowed, very slow
A: horns 2, retaliatory headbutt, screaming 1
a: Renounce Religion, Berserk, Trog's Hand


You were on level 2 of the Dungeon.
You worshipped Trog.
Trog was pleased with you.
You visited 1 branch of the dungeon, and saw 2 of its levels.

You collected 57 gold pieces.


Innate Abilities, Weirdness & Mutations

You have a pair of horns on your head.
You reflexively headbutt those who attack you in melee.
You occasionally shout uncontrollably at your foes.


   Skills:
 - Level 3.6 Fighting
 + Level 5.9 Axes
 - Level 2.4 Armour
 - Level 2.1 Dodging


You had 2 spell levels left.
You didn't know any spells.
Your spell library was empty.

Inventory:

Hand Weapons
 c - a +0 whip
 Y - a +0 hand axe (weapon)
Armour
 b - a +0 animal skin (worn)
Scrolls
 k - a scroll of identify
Potions
 e - a potion of ambrosia {unknown}
 f - a potion of mutation
 g - a potion of degeneration {unknown}
 h - a potion of curing {unknown}
 l - a potion of lignification {unknown}

Dungeon Overview and Level Annotations

Branches:
Dungeon (2/15)

Altars:


Message History

1183 ||| Stepping ~*~*~tactically~*~*~ (stealth).
You start resting.
An adder is nearby!
You miss the adder.
The adder hisses angrily.
Your headbutt misses the adder. The adder misses you. x2
You barely miss the adder. Your headbutt misses the adder.
The adder barely misses you. x2; The adder bites you.
You barely miss the adder. Your headbutt misses the adder. The adder bites you.
You barely miss the adder. The adder barely misses you. The adder bites you.
You are poisoned.
The adder poisons you!
You closely miss the adder. Your headbutt misses the adder.
You feel very sick. The adder bites you. The adder misses you.
You closely miss the adder.
You feel sick. The adder bites you. The adder bites you but does no damage.
You hit the adder. Your headbutt misses the adder.
The adder is heavily wounded.
You feel sick. The adder bites you. The adder misses you.
You barely miss the adder.
The adder is heavily wounded.
You feel sick. The adder barely misses you. The adder closely misses you.
You barely miss the adder.
The adder is heavily wounded.
You feel sick.
You are no longer poisoned.
The adder closely misses you. The adder completely misses you.
You closely miss the adder.
The adder is heavily wounded.
The adder bites you but does no damage. The adder bites you.
You are lethally poisoned!
The adder poisons you!
You hit the adder but do no damage. Your headbutt misses the adder.
The adder is heavily wounded.
You feel sick. The adder bites you.
You die...

...........#.........#.
...........##.........
.....................
....#.###..##.......
##..#............#.# #
##..#####...#..#.#.#.#.#
#..# #...#..#.)......
#.. #........S......
#.###..#@#.S.... #.#
#..### #.... .......#
... (...##..# # ##..
#... #. #.... #....
......


You could see an adder.

Vanquished Creatures
  Jessica (D:2)
  A worm (D:2)
  2 ball pythons (D:1)
  5 bats
  3 endoplasms
  2 giant cockroaches (D:1)
  A goblin (D:1)
  3 hobgoblins (D:1)
  3 quokkas
  A frilled lizard (D:1)
  4 kobolds
  5 rats (D:1)
31 creatures vanquished.

Notes
Turn   | Place    | Note
-------+----------+-------------------------------------------
     0 | D:1      | qw the Minotaur Berserker began the quest for the Orb.
     0 | D:1      | Reached XP level 1. HP: 19/19 MP: 0/0
     0 | D:1      | 0 ||| qw: Version: 0.1-a-119-g272c26d
     0 | D:1      | 0 ||| qw: Game counter: 10771
     0 | D:1      | 0 ||| qw: Always use a shield: true
     0 | D:1      | 0 ||| qw: Do Orc after D:15 true
     0 | D:1      | 0 ||| qw: Do second Lair branch before Depths: true
     0 | D:1      | 0 ||| qw: Lair rune preference: random
     0 | D:1      | 0 ||| qw: Plans: Normal
     0 | D:1      | 0 ||| PLANNING D:1-11
    33 | D:1      | 33 ||| Stepping ~*~*~tactically~*~*~ (stealth).
    35 | D:1      | 35 ||| Stepping ~*~*~tactically~*~*~ (stealth).
    55 | D:1      | 55 ||| Stepping ~*~*~tactically~*~*~ (stealth).
    60 | D:1      | Reached skill level 4 in Axes
    88 | D:1      | 88 ||| Stepping ~*~*~tactically~*~*~ (stealth).
   142 | D:1      | Reached XP level 2. HP: 26/26 MP: 1/1
   636 | D:1      | 636 ||| INVOKING Berserk.
   850 | D:1      | Reached skill level 5 in Axes
   963 | D:1      | Reached ** piety under Trog
  1081 | D:1      | Reached XP level 3. HP: 31/31 MP: 2/2
  1094 | D:1      | 1094 ||| READING scroll labelled JIERAC TUID.
  1095 | D:1      | 1095 ||| READING scroll labelled JUERITE FIOQEO.
  1096 | D:1      | 1096 ||| READING scroll labelled SIRHEPRYIB.
  1097 | D:1      | 1097 ||| READING 2 scrolls labelled HEOTHATRER.
  1098 | D:1      | 1098 ||| DRINKING 2 orange potions.
  1098 | D:1      | Gained mutation: You occasionally shout uncontrollably at
                  | your foes. [potion of mutation]
  1165 | D:2      | 1165 ||| Stepping ~*~*~tactically~*~*~ (stealth).
  1169 | D:2      | Noticed Jessica
  1170 | D:2      | 1170 ||| INVOKING Berserk.
  1176 | D:2      | Killed Jessica
  1183 | D:2      | 1183 ||| Stepping ~*~*~tactically~*~*~ (stealth).
  1192 | D:2      | HP: 7/31 [poisoned by an adder]
  1195 | D:2      | Slain by an adder

Levels and vault maps discovered:
D:1:      dpeg_arrival_ratfight, layout_basic
D:2:      layout_basic, ebering_ecumenical_altar_webs,
          dreamdust_mushroom_princess, uniq_jessica, uniq_crazy_yiuf_cottage

Skill      XL: |  1  2 |
---------------+-------+-----
Axes           | 4 5 |  5.9
Fighting       | |  3.6
Armour         | |  2.4
Dodging        | |  2.1

Action                   || total
-------------------------++-------
Melee: Hand axe          ||    77
       Headbutt          ||     7
       Punch             ||     1
Invok: Berserk           ||     2
  Use: Scroll            ||     4
       Potion            ||     1
Armor: Animal skin       ||    19
Dodge: Dodged            ||    51

Table legend:
 A = Non-vault XP
 B = Vault XP
 C = Vault XP percentage of total XP
 D = Non-vault monster count
 E = Vault monster count
 F = Vault count percentage of total count
                 A         B        C        D         E       F
            +---------+---------+-------+---------+---------+-------
      Total |      48 |      42 |  46.7 |      25 |       6 |  19.4
            +---------+---------+-------+---------+---------+-------
        D:1 |      36 |       5 |  12.2 |      20 |       5 |  20.0
        D:2 |      12 |      37 |  75.5 |       5 |       1 |  16.7
            +---------+---------+-------+---------+---------+-------
